AoeStats
← [TYN] Shamburger

Nomad

509180100Analyzed
4v4 RM · 7d ago on Sep 25, 2026· 47m 39s· 8 players
Game mode
Random Map
Map size
231×231
Population
200
Speed
Normal
Resources
Standard
Victory
Conquest
Starting age
Dark Age
Ending age
Imperial Age
RankedLock teamsTeams togetherTeam positionsShared explorationLock speedFull tech treeHidden civsTurbo modeCheats
Victory
Defeat
🇩🇪 Spanish · Germany
1269
+14
🇫🇷 Persians · France
1214
+17
🇪🇸 Varangians · Spain
1205
+17
🇨🇿 Bulgarians · Czechia
1190
+18
🇦🇷 Persians · Argentina
1270
-18
🇦🇷 Vietnamese · Argentina
1243
-17
🇲🇽 Huns · Mexico
1232
-17
🇦🇷 Varangians · Argentina
1162
-14
Note1984
13:30 Feudal Age
14:17 Fishing Lines
14:34 Double-Bit Axe
16:15 Fletching
21:18 Loom
23:46 Castle Age
22:41 Stone Mining
22:41 Gold Mining
23:56 Horse Collar
24:40 Bodkin Arrow
25:24 Bow Saw
26:58 Medium Warships
31:45 Bloodlines
31:36 Husbandry
31:47 Heavy Plow
33:47 Wheelbarrow
32:57 Town Watch
34:27 Gambesons
35:15 Arson
36:03 Forging
35:54 Scale Mail Armor
36:35 Squires
40:03 Chain Mail Armor
40:24 Iron Casting
41:37 Scale Barding Armor
42:21 Hand Cart
42:50 Treadmill Crane
43:06 Murder Holes
48:20 Imperial Age
alex.hoppus
14:55 Feudal Age
15:08 Loom
15:31 Double-Bit Axe
21:35 Castle Age
19:42 Gold Mining
20:08 Fishing Lines
22:41 Medium Warships
24:16 Gillnets
27:24 Wheelbarrow
26:34 Town Watch
26:54 Stone Mining
27:39 Gold Shaft Mining
26:36 Demolition Ship
29:40 Scale Barding Armor
29:46 Forging
33:25 Imperial Age
31:20 Chain Barding Armor
31:13 Bloodlines
31:04 Husbandry
34:02 Cavalier
37:09 Savar
39:25 Plate Barding Armor
39:25 Iron Casting
40:07 Fletching
41:18 Blast Furnace
41:17 Horse Collar
43:54 Conscription
43:46 Heavy Plow
44:52 Hand Cart
46:20 Bodkin Arrow
Läberkäswegge
14:03 Loom
15:54 Feudal Age
20:35 Castle Age
19:26 Double-Bit Axe
19:36 Horse Collar
20:53 Padded Archer Armor
21:41 Bow Saw
21:48 Gold Mining
22:55 Bloodlines
22:46 Husbandry
24:11 Heavy Plow
26:31 Husbandry
27:00 Leather Archer Armor
41:31 Wheelbarrow
44:40 Fletching
48:31 Imperial Age
46:19 Hand Cart
Kovboj
5:04 Loom
13:22 Feudal Age
18:20 Castle Age
20:34 Wheelbarrow
21:38 Double-Bit Axe
22:11 Scale Barding Armor
22:38 Stone Mining
23:47 Bow Saw
23:37 Horse Collar
25:09 Town Watch
26:18 Bloodlines
29:43 Heavy Plow
29:44 Gold Mining
30:35 Forging
30:28 Husbandry
32:59 Fletching
34:21 Chain Barding Armor
35:12 Iron Casting
36:25 Bodkin Arrow
37:01 Hand Cart
37:27 Gold Shaft Mining
41:07 Imperial Age
39:26 Stone Shaft Mining
39:53 Stirrups
42:24 Plate Barding Armor
42:12 Conscription
41:19 Elite Konnik
42:05 Murder Holes
42:33 Ballistics
43:52 Blast Furnace
44:04 Chemistry
44:38 Bracer
46:13 Light Cavalry
47:10 Masonry
VISTOYCONSI | Tafirol
6:11 Loom
14:04 Feudal Age
14:03 Man-at-Arms
15:21 Arson
15:53 Fishing Lines
22:11 Castle Age
22:53 Forging
26:18 Husbandry
26:48 Scale Barding Armor
27:13 Bloodlines
28:21 Wheelbarrow
32:07 Long Swordsman
33:35 Horse Collar
33:45 Double-Bit Axe
40:52 Hand Cart
41:21 Fletching
41:39 Light Cavalry
43:40 Chain Barding Armor
43:21 Scale Mail Armor
43:30 Gold Mining
44:07 Pikeman
JohnSalchichon
12:58 Feudal Age
15:08 Double-Bit Axe
15:13 Loom
20:01 Castle Age
19:04 Fletching
19:59 Bloodlines
19:53 Padded Archer Armor
19:39 Horse Collar
21:07 Bow Saw
21:34 Bodkin Arrow
22:23 Wheelbarrow
21:48 Gold Mining
24:17 Ballistics
Cochiloco2000
3:57 Loom
15:49 Feudal Age
22:22 Castle Age
23:38 Double-Bit Axe
25:24 Bloodlines
30:31 Forging
33:56 Marauders
34:05 Scale Barding Armor
34:30 Husbandry
35:01 Bow Saw
35:40 Iron Casting
35:28 Chain Barding Armor
36:17 Wheelbarrow
36:11 Fletching
38:33 Bodkin Arrow
44:09 Imperial Age
44:16 Cavalier
[TYN] Shamburger
5:05 Loom
5:44 Loom
14:52 Feudal Age
15:40 Double-Bit Axe
15:48 Town Watch
16:38 Wheelbarrow
16:41 Fishing Lines
19:14 Fletching
19:25 Padded Archer Armor
21:06 Gold Mining
21:06 Stone Mining
25:07 Castle Age
26:12 Medium Warships
25:55 Gillnets
26:26 Bodkin Arrow
28:26 Leather Archer Armor
30:41 Bow Saw
47:54 Imperial Age
45:23 Crossbowman
Connection lost

Rejoining the realm…

Still unreachable

The connection could not be restored.

Session expired

The server has moved on; the page needs a fresh start.